 Dungeon Crawl Stone Soup version 0.31-a0-1068-g5939ac1fb6 (webtiles) character file.

Game seed: 8768034897350789072

64 Maratek the Trooper (level 3, -2/29 HPs)
             Began as a Demonspawn Fighter on Nov 24, 2023.
             Frozen to death by an endoplasm (4 damage)
             ... on level 2 of the Dungeon.
             The game lasted 00:01:13 (1046 turns).

Maratek the Trooper (Demonspawn Fighter)            Turns: 1046, Time: 00:01:14

Health: -2/29      AC:  7    Str: 16    XL:     3   Next: 91%
Magic:  3/3        EV:  8    Int:  9    God:
Gold:   100        SH:  5    Dex: 14    Spells: 2/2 levels left

rFire   . . .        a - +0 long sword
rCold   . . .        c - +0 buckler
rNeg    . . .        b - +0 scale mail
rPois   .            (no helmet)
rElec   .            i - +0 cloak
rCorr   .            (no gloves)
SInv    .            (no boots)
Will    .....        (no amulet) Stlth
                     (no ring)
HPRegen 0.24/turn    (no ring)
MPRegen 0.08/turn

%: no passive effects
@: no status effects
A: powered by death 1
a: no special abilities


You were on level 2 of the Dungeon.
You visited 1 branch of the dungeon, and saw 2 of its levels.

You collected 100 gold pieces.

Inventory:

Hand Weapons
 a - a +0 long sword (weapon)
Armour
 b - a +0 scale mail (worn)
 c - a +0 buckler (worn)
 i - a +0 cloak (worn)
Scrolls
 h - 2 scrolls of identify {unknown}
Potions
 d - 2 potions of might
 e - a potion of attraction {unknown}
 f - a potion of heal wounds {unknown}
 g - a potion of ambrosia {unknown}
 j - 2 potions of mutation {unknown}


   Skills:
 + Level 3.5 Fighting
 + Level 2.4 Long Blades
 + Level 3.1 Armour
 + Level 3.2 Shields


You had 2 spell levels left.
You didn't know any spells.
Your spell library was empty.

Dungeon Overview and Level Annotations

Branches:
Dungeon (2/15)

Altars:

Annotations:
D:2 Robin


Innate Abilities, Weirdness & Mutations

You regenerate a little health from kills.


Message History

You are too injured to fight recklessly!
Unknown command.
You are too injured to fight recklessly!
Unknown command.
You are too injured to fight recklessly!
You are too injured to fight recklessly!
You are too injured to fight recklessly!
You are too injured to fight recklessly!
You are too injured to fight recklessly!
You hit the goblin but do no damage. You block the jackal's attack.
You block Robin's attack.
The endoplasm hits you but does no damage.
The goblin barely misses you. The jackal closely misses you.
You hit the goblin.
You kill the goblin!
The endoplasm hits you but does no damage.
The jackal barely misses you.
Robin hits you from afar with a +6 heavy trident.
The endoplasm barely misses you. You block the endoplasm's attack.
The jackal closely misses you.
Things that are here:
a +0 dagger; a goblin corpse; a jackal corpse You hit the endoplasm.
The endoplasm is severely wounded.
You block the jackal's attack.
The endoplasm hits you but does no damage.
Robin hits you from afar with a +6 heavy trident!
* * * LOW HITPOINT WARNING * * *
You hit the endoplasm.
The endoplasm is almost dead.
You block the jackal's attack.
The jackal bites you but does no damage.
The endoplasm hits you but does no damage.
You block Robin's attack.
You barely miss the endoplasm.
The endoplasm is almost dead.
You block the jackal's attack. The endoplasm freezes you.
You are frozen.
You die...

......# #.#####
#.#########) ....###
#........ ... ..
....###############
##.## ###
..†††....#......... ..#
#..
.........#.#############
#.. ####.....'.#
#......# #.. #.....#.###
#......# #..
#.....#...###......# #..
#.....#.....)@.....# #..
#.....#....).Jh....# #..
#######...(.)g.....# #..
#######......# #..
#......# ### #........
#####.... .... $.


You could see Robin, an endoplasm and a jackal.

Vanquished Creatures
  An adder (D:2)
  A worm (D:2)
  A dart slug (D:1)
  2 endoplasms (D:1)
  A giant cockroach (D:2)
  10 goblins
  7 hobgoblins
  5 jackals (D:2)
  A quokka (D:1)
  6 ball pythons (D:1)
  4 bats
  2 frilled lizards (D:2)
  A kobold (D:1)
  4 rats
46 creatures vanquished.

Notes
Turn   | Place    | Note
-------+----------+-------------------------------------------
     0 | D:1      | Maratek the Demonspawn Fighter began the quest for the Orb.
     0 | D:1      | Reached XP level 1. HP: 18/18 MP: 1/1
   287 | D:1      | Gained mutation: You regenerate a little health from kills.
                  | [demonic ancestry]
   287 | D:1      | Reached XP level 2. HP: 21/24 MP: 2/2
   834 | D:2      | Reached XP level 3. HP: 29/29 MP: 3/3
  1030 | D:2      | Noticed Robin
  1046 | D:2      | Frozen to death by an endoplasm

Illustrated notes

Levels and vault maps discovered:
D:1:      tarquinn_simple_flora_water_a, layout_loops_ring
D:2:      layout_basic, uniq_robin, uniq_jessica, uniq_crazy_yiuf_cottage

Skill      XL: |  1  2 |
---------------+-------+-----
Long Blades    | 2 |  2.4
Shields        | 3 |  3.2
Armour         | 3 |  3.1
Fighting       | |  3.5

Action                     || total
---------------------------++-------
  Melee: Long sword        ||   142
 Armour: Scale mail        ||   175
  Dodge: Dodged            ||   102
  Block: Buckler           ||    65

Table legend: (Time is in decaauts)
 A = Elapsed time spent in this place.
 B = Non-inter-level travel time spent in this place.
 C = Inter-level travel time spent in this place.
 D = Time resting spent in this place.
 E = Time spent auto-exploring this place.
 F = Levels seen in this place.
 G = Mean time per level.
                   A        B        C        D        E       F      G
               +--------+--------+--------+--------+--------+-----+--------+
         Total |   1092 |   1046 |     46 |      0 |    750 |   2 |  546.0 |
       Dungeon |   1092 |   1046 |     46 |      0 |    750 |   2 |  546.0 |
               +--------+--------+--------+--------+--------+-----+--------+

Top non-repeatable levels by time:
     D:1: 762 daAuts
     D:2: 329 daAuts
